 Dungeon Crawl Stone Soup version 0.29.1-1-gd02db6906a (webtiles) character file.

Game seed: 17942168542878595215

151 groovy9 the Chopper (level 5, 0/45 HPs)
             Began as a Hill Orc Fighter on Sept 24, 2022.
             Killed from afar by an orc wizard (6 damage)
             ... with a magic dart
             ... on level 4 of the Dungeon.
             The game lasted 00:07:32 (2252 turns).

groovy9 the Chopper (Hill Orc Fighter)              Turns: 2252, Time: 00:07:32

Health: 0/45       AC:  8    Str: 21    XL:     5   Next: 33%
Magic:  5/5        EV:  9    Int:  8    God:
Gold:   1          SH:  5    Dex: 10    Spells: 4/4 levels left

rFire   . . .      SeeInvis .   a - +1 war axe
rCold   . . .      Faith    .   c - +1 buckler
rNeg    . . .      Spirit   .   b - +0 scale mail
rPois   .          Reflect  .   (no helmet)
rElec   .          Harm     .   (no cloak)
rCorr   .          Rampage  .   (no gloves)
Will    .....                   m - +0 pair of boots
Stlth   ..........              (no amulet)
HPRegen 0.15/turn               (no ring)
MPRegen 0.09/turn               (no ring)

@: no status effects
A: no striking features
a: no special abilities


You were on level 4 of the Dungeon.
You visited 1 branch of the dungeon, and saw 4 of its levels.

You collected 85 gold pieces.
You spent 84 gold pieces at shops.

Inventory:

Hand Weapons
 a - a +1 war axe (weapon)
 k - a +0 morningstar
Armour
 b - a +0 scale mail (worn)
 c - a +1 buckler (worn)
 m - a +0 pair of boots (worn)
Scrolls
 g - a scroll of silence
 l - a scroll of poison {unknown}
Potions
 d - 2 potions of might
 e - 5 potions of curing
 f - a potion of degeneration {unknown}
 h - a potion of brilliance
 i - a potion of lignification {unknown}
 j - a potion of invisibility {unknown}


   Skills:
 - Level 3.6 Fighting
 + Level 7.1 Axes
 - Level 3.2 Armour
 - Level 3.2 Shields


You had 4 spell levels left.
You didn't know any spells.
Your spell library was empty.

Dungeon Overview and Level Annotations

Branches:
Dungeon (4/15)
 Temple: D:4-7

Altars:
Qazlal
Xom
Zin

Shops:
D:3 [(=*:


Message History

You miss something. The orc closely misses you. Something hits you.
The orc hits you from afar with a +0 trident!
You hit the orc.
The orc is almost dead.
The orc completely misses you. You block the orc's attack.
You slash the orc!
You kill the orc!
You block the orc's attack.
You closely miss something. You block something's attack.
The orc closely misses you.
You miss something.
You hear some strange, mumbled words.
A magic dart appears from out of thin air!
The magic dart hits you. The orc barely misses you.
You miss something. Something hits you but does no damage.
The orc hits you from afar with a +0 trident.
The orc barely misses you. Something hits you but does no damage.
You miss something. You block something's attack. You block the orc's attack.
You slash something! Something hits you. You block the orc's attack.
You closely miss something.
You hear some strange, mumbled words.
A magic dart appears from out of thin air!
The magic dart hits you.
* * * LOW HITPOINT WARNING * * *
The orc closely misses you.
You hit something. Something hits you but does no damage.
The orc barely misses you.
The orc hits you from afar with a +0 trident.
* * * LOW HITPOINT WARNING * * *
Something hits you but does no damage.
Okay, then.
As you read the scroll of fog, it crumbles to dust.
The scroll dissolves into smoke.
Something hits you.
* * * LOW HITPOINT WARNING * * *
You block the orc's attack. Something hits you.
* * * LOW HITPOINT WARNING * * *
A magic dart appears from out of thin air!
The magic dart hits you.
You die...

## ###.##.##.# #.
...##>...# ######.
#.####†.#####<###
.....$.####................
#....o.§§§...........##.
#...####o####..#####.# #...
#{# #..# # #...## #§####..#
.o... . #§@§....# ##o#.#
#.#§####.##
#B#.###.#§####.# s
#............#
####.##.###### .. #.# #.#
#.##### # #<....# #####.#


There were no monsters in sight!

Vanquished Creatures
  A necrophage (D:4)
  2 adders (D:3)
  An ufetubus (D:4)
  3 dart slugs
  2 orcs
  6 endoplasms
  3 giant cockroaches
  8 goblins (D:1)
  3 hobgoblins
  6 jackals (D:1)
  3 quokkas
  5 ball pythons
  A bat (D:2)
  4 frilled lizards
  3 kobolds
  3 rats
  A spectral kobold (D:3)
55 creatures vanquished.

Vanquished Creatures (collateral kills)
  A ball python (D:3)
1 creature vanquished.

Grand Total: 56 creatures vanquished

Notes
Turn   | Place    | Note
-------+----------+-------------------------------------------
     0 | D:1      | groovy9 the Hill Orc Fighter began the quest for the Orb.
     0 | D:1      | Reached XP level 1. HP: 19/19 MP: 1/1
    33 | D:1      | Reached skill level 3 in Axes
   200 | D:1      | Reached XP level 2. HP: 26/26 MP: 2/2
   241 | D:1      | Reached skill level 4 in Axes
   400 | D:1      | Reached XP level 3. HP: 31/31 MP: 3/3
   591 | D:1      | Reached skill level 5 in Axes
  1123 | D:2      | Found a stormy altar of Qazlal.
  1382 | D:3      | Found Dyitylewk's Book Emporium.
  1421 | D:3      | Found a faded altar of an unknown god.
  1422 | D:3      | Found Hibikesm's Jewellery Boutique.
  1474 | D:3      | Reached XP level 4. HP: 39/39 MP: 4/4
  1780 | D:3      | Found Kisut's Weapon Boutique.
  1833 | D:3      | Found Ulazo's Assorted Antiques.
  1840 | D:3      | Reached skill level 6 in Axes
  1845 | D:3      | Bought a scroll labelled OROSUSH IJAURR for 28 gold pieces
  1845 | D:3      | Bought a scroll labelled LUANUS RANEMN for 28 gold pieces
  1845 | D:3      | Bought a scroll labelled USOINT EVVU for 28 gold pieces
  1864 | D:3      | Found a glowing silver altar of Zin.
  1866 | D:3      | Noticed an angel
  1873 | D:3      | Found a shimmering altar of Xom.
  2027 | D:3      | Found Weublaamm's Antique Armour Boutique.
  2176 | D:4      | Noticed a necrophage
  2184 | D:4      | Killed a necrophage
  2185 | D:4      | Reached skill level 7 in Axes
  2185 | D:4      | Reached XP level 5. HP: 41/45 MP: 5/5
  2252 | D:4      | Killed from afar by an orc wizard

Illustrated notes

Levels and vault maps discovered:
D:1:      tarquinn_simple_flora_water_a, layout_rooms
D:2:      layout_rooms, basic_altar
D:3:      layout_rooms, grunt_temple_overflow_order_and_chaos_1,
          dreamdust_ecumenical_altar_drowned_temple, serial_shops, shop,
          nicolae_shop_behind_doors, shop, shop, shop, nicolae_titane
D:4:      layout_loops_ring

Skill      XL: |  1  2  3  4 |
---------------+-------------+-----
Axes           | 3 4 5 7 |  7.1
Fighting       | |  3.6
Armour         | |  3.2
Shields        | |  3.2

Action                   |  1- 3 |  4- 6 || total
-------------------------+-------+-------++-------
Melee: War axe           |   101 |    52 ||   153
  Use: Scroll            |     7 |     5 ||    12
       Potion            |     2 |       ||     2
Armor: Scale mail        |    43 |    27 ||    70
Dodge: Dodged            |    39 |    26 ||    65
Block: Buckler           |    25 |    24 ||    49
